 Dungeon Crawl Stone Soup version 0.31-a0-161-gb58dd9be76 (webtiles) character file.

Game seed: 14022022687824536974

1668 qw the Skirmisher (level 9, -1/56 HPs)
             Began as a Gargoyle Hunter on June 12, 2023.
             Slain by an iguana (6 damage)
             ... on level 6 of the Dungeon.
             The game lasted 00:01:40 (4346 turns).

qw the Skirmisher (Gargoyle Hunter)                 Turns: 4346, Time: 00:01:40

Health: -1/56      AC: 16    Str: 20    XL:     9   Next: 1%
Magic:  9/9        EV: 12    Int: 11    God:
Gold:   54         SH:  0    Dex: 17    Spells: 8/8 levels left

rFire   . . .        c - +3 shortbow (heavy)
rCold   . . .        (shield currently unavailable)
rNeg    + . .        h - +0 troll leather armour
rPois   inf          g - +1 hat
rElec   +            (no cloak)
rCorr   .            n - +0 pair of gloves
SInv    .            (no boots)
Will    .....        (no amulet)
Stlth   ++           f - +4 ring of protection
HPRegen 1.09/turn    m - +6 ring of strength
MPRegen 0.11/turn

%: no passive effects
@: about to teleport
A: sickness immunity, AC +6, negative energy resistance 1, electricity
resistance, torment resistance 1, petrification resistance
a: no special abilities


You were on level 6 of the Dungeon.
You visited 1 branch of the dungeon, and saw 6 of its levels.

You collected 285 gold pieces.
You spent 231 gold pieces at shops.


Innate Abilities, Weirdness & Mutations

You are immune to sickness and miasma.
Your stone body is resilient. (AC +6)
You are immune to poison.
You resist negative energy. (rN+)
You are resistant to electric shocks. (rElec)
You are resistant to unholy torment.
You are immune to petrification.


   Skills:
 - Level 6.6 Fighting
 - Level 10.0 Ranged Weapons
 - Level 2.2 Armour
 + Level 2.0 Dodging
 - Level 1.1 Stealth


You had 8 spell levels left.
You didn't know any spells.
Your spell library was empty.

Inventory:

Hand Weapons
 c - a +3 heavy shortbow (weapon)
Armour
 g - a +1 hat (worn)
 h - a +0 troll leather armour (worn)
 n - a +0 pair of gloves (worn)
Jewellery
 f - a +4 ring of protection (left hand)
 i - a ring of ice
 m - a +6 ring of strength (right hand)
 r - a +6 ring of dexterity
Scrolls
 a - a scroll of identify
 o - a scroll of vulnerability {unknown}
Potions
 b - a potion of heal wounds
 d - 3 potions of cancellation
 e - a potion of attraction {unknown}
 k - a potion of brilliance {unknown}
 l - a potion of mutation
 p - a potion of curing
 q - 2 potions of haste

Dungeon Overview and Level Annotations

Branches:
Dungeon (6/15)
 Temple: D:4-7

Altars:
Elyvilon

Shops:
D:6 !


Message History

You shoot an arrow. The arrow hits the wight.
The wight is lightly damaged.
The wyvern bites you but does no damage.
The wight hits you with a +4 great sword!
The wyvern bites you.
You shoot an arrow. The arrow hits the wight!
The wight is almost destroyed.
The wyvern completely misses you.
An orc priest comes into view.
It is wielding a +4 hand axe of electrocution.
The wight closely misses you. The wyvern misses you.
The wight hits you with a +4 great sword.
You shoot an arrow. The arrow hits the wight.
You destroy the wight!
The wyvern barely misses you.
An iguana comes into view.
The wyvern bites you.
You have reached level 9!
Your experience leads to an increase in your attributes!
Your base attributes are Str 14, Int 11, Dex 15.
Increase (S)trength, (I)ntelligence, or (D)exterity?
You feel agile. x2
You shoot an arrow. The iguana hisses angrily.
The arrow hits the iguana.
The iguana is moderately wounded.
The wyvern bites you but does no damage.
The wyvern bites you!
You shoot an arrow. The arrow barely misses the iguana.
The wyvern bites you. The iguana closely misses you. The iguana bites you!
The wyvern barely misses you. The iguana barely misses you.
The iguana closely misses you.
You shoot an arrow. The arrow hits the iguana.
The iguana is heavily wounded.
The wyvern closely misses you. The iguana bites you.
The iguana barely misses you. The wyvern bites you.
4346 ||| READING scroll of teleportation.
As you read the scroll of teleportation, it crumbles to dust.
You feel strangely unstable. The wyvern misses you. The iguana bites you.
You die...

######### #.#..l#.#.#
#..ol@#.## #..#.#l.#.#
.# # # ##..## . #.
##..# #.# ##.########
#..# ##..##.....##
#..# ##%.##.......##
#..###..#.#........#
#..#..#.##........####


You could see a wyvern, 2 iguanas and an orc priest.

Vanquished Creatures
  A wyvern (D:5)
  An ice beast (D:5)
  A black bear (D:4)
  2 ogres
  A kobold brigand (D:6)
  A bullfrog (D:6)
  2 scorpions (D:4)
  5 wights (D:6)
  3 jellies
  A hound (D:5)
  3 orc priests
  A sleepcap (D:6)
  5 iguanas
  2 orc wizards
  Terence (D:2)
  4 adders
  5 gnolls
  A shadow imp (D:6)
  3 worms
  3 dart slugs
  15 orcs
  9 ball pythons
  6 bats
  10 endoplasms
  8 goblins
  7 hobgoblins
  5 jackals
  2 quokkas (D:1)
  5 frilled lizards
  14 kobolds
  2 rats
129 creatures vanquished.

Notes
Turn   | Place    | Note
-------+----------+-------------------------------------------
     0 | D:1      | qw the Gargoyle Hunter began the quest for the Orb.
     0 | D:1      | Reached XP level 1. HP: 12/12 MP: 1/1
     0 | D:1      | 0 ||| qw: Version: 0.2-a-29-gc1b59c4
     0 | D:1      | 0 ||| qw: Game counter: 4287
     0 | D:1      | 0 ||| qw: Always use a shield: true
     0 | D:1      | 0 ||| qw: God list: Okawaru
     0 | D:1      | 0 ||| qw: Allow faded altars: false
     0 | D:1      | 0 ||| qw: Do Orc after D:15 true
     0 | D:1      | 0 ||| qw: Do second Lair branch before Depths: true
     0 | D:1      | 0 ||| qw: Lair rune preference: random
     0 | D:1      | 0 ||| qw: Plans: Normal, Zot:1-4, Slime:5, God:TSO, Crypt,
                  | Tomb, Abyss, Pan, Hells, Win
     0 | D:1      | 0 ||| PLANNING D:1-11
    99 | D:1      | Reached XP level 2. HP: 17/17 MP: 2/2
   527 | D:1      | 527 ||| Stepping ~*~*~tactically~*~*~ (water).
   999 | D:1      | 999 ||| UPGRADING to +4 ring of protection.
  1000 | D:1      | 1000 ||| READING 4 scrolls labelled SIUDWABAFU.
  1001 | D:1      | 1001 ||| READING scroll labelled IPTARAD QAZE.
  1002 | D:1      | 1002 ||| READING 3 scrolls of identify.
  1002 | D:1      | 1002 ||| IDENTIFYING brown potion
  1003 | D:1      | 1003 ||| DROPPING scroll of butterflies.
  1042 | D:2      | Reached XP level 3. HP: 21/21 MP: 3/3
  1120 | D:2      | Reached skill level 5 in Ranged Weapons
  1361 | D:2      | Noticed Terence
  1376 | D:2      | HP: 3/22 [Terence/+0 flail (7)]
  1380 | D:2      | Killed Terence
  1381 | D:2      | Reached skill level 3 in Fighting
  1381 | D:2      | Reached XP level 4. HP: 5/28 MP: 4/4
  1624 | D:2      | 1624 ||| UPGRADING to +0 ring mail.
  1634 | D:2      | 1634 ||| DROPPING +0 leather armour.
  1635 | D:2      | 1635 ||| UPGRADING to +1 hat.
  1640 | D:2      | 1640 ||| UPGRADING to +0 troll leather armour.
  1650 | D:2      | 1650 ||| DROPPING +0 ring mail.
  1651 | D:2      | 1651 ||| READING 3 scrolls labelled TYXIFI YL ZYU.
  1652 | D:2      | 1652 ||| READING 2 scrolls of enchant weapon.
  1652 | D:2      | 1652 ||| ENCHANTING +1 shortbow.
  1653 | D:2      | 1653 ||| READING scroll of enchant weapon.
  1653 | D:2      | 1653 ||| ENCHANTING +2 shortbow.
  1654 | D:2      | 1654 ||| READING scroll labelled EJURAJ LIUM.
  1657 | D:2      | 1657 ||| READING scroll labelled OKLON ODOYRYE.
  1658 | D:2      | 1658 ||| READING scroll labelled XOUTIRCH IWEUF.
  1852 | D:3      | Reached XP level 5. HP: 32/32 MP: 5/5
  1915 | D:3      | Found a faded altar of an unknown god.
  1935 | D:3      | 1935 ||| FLEEEEING.
  1936 | D:3      | 1936 ||| FLEEEEING.
  1937 | D:3      | 1937 ||| FLEEEEING.
  1938 | D:3      | 1938 ||| FLEEEEING.
  1939 | D:3      | 1939 ||| FLEEEEING.
  1940 | D:3      | 1940 ||| FLEEEEING.
  1941 | D:3      | 1941 ||| FLEEEEING.
  1942 | D:3      | 1942 ||| FLEEEEING.
  1943 | D:3      | 1943 ||| FLEEEEING.
  1944 | D:3      | 1944 ||| FLEEEEING.
  1946 | D:3      | Reached skill level 6 in Ranged Weapons
  1956 | D:3      | Reached skill level 1 in Armour
  2161 | D:3      | 2161 ||| UPGRADING to +0 pair of gloves.
  2166 | D:3      | 2166 ||| UPGRADING to +6 ring of strength.
  2167 | D:3      | 2167 ||| READING scroll labelled OBUTEVO QOHI.
  2168 | D:3      | 2168 ||| READING scroll labelled FEMATS ZUTHIKA.
  2169 | D:3      | 2169 ||| READING 6 scrolls of identify.
  2169 | D:3      | 2169 ||| IDENTIFYING amethyst potion
  2170 | D:3      | 2170 ||| READING 5 scrolls of identify.
  2170 | D:3      | 2170 ||| IDENTIFYING cyan potion
  2171 | D:3      | 2171 ||| READING 4 scrolls of identify.
  2171 | D:3      | 2171 ||| IDENTIFYING lumpy cyan potion
  2172 | D:3      | 2172 ||| READING 3 scrolls of identify.
  2172 | D:3      | 2172 ||| IDENTIFYING puce potion
  2173 | D:3      | 2173 ||| READING 2 scrolls of identify.
  2173 | D:3      | 2173 ||| IDENTIFYING fizzy blue potion
  2174 | D:3      | 2174 ||| DROPPING potion of ambrosia.
  2175 | D:3      | 2175 ||| DROPPING potion of degeneration.
  2176 | D:3      | 2176 ||| DROPPING potion of invisibility.
  2318 | D:4      | Identified the +3 falchion "Fecev" {freeze, rPois Int-2
                  | Stlth+}
  2352 | D:4      | Reached XP level 6. HP: 39/39 MP: 6/6
  2656 | D:4      | Noticed a black bear
  2659 | D:4      | Killed a black bear
  2660 | D:4      | Reached skill level 7 in Ranged Weapons
  2660 | D:4      | Reached XP level 7. HP: 44/44 MP: 7/7
  3127 | D:4      | 3127 ||| DROPPING ring of magical power.
  3152 | D:5      | Entered Level 5 of the Dungeon
  3298 | D:5      | Reached skill level 8 in Ranged Weapons
  3342 | D:5      | Noticed a wyvern
  3346 | D:5      | Killed a wyvern
  3347 | D:5      | Reached skill level 6 in Fighting
  3347 | D:5      | Reached XP level 8. HP: 51/51 MP: 8/8
  4028 | D:5      | 4028 ||| READING scroll labelled SUCETZ ECAPPA.
  4120 | D:6      | Reached skill level 9 in Ranged Weapons
  4120 | D:6      | 4120 ||| Stepping ~*~*~tactically~*~*~ (outnumbered).
  4121 | D:6      | 4121 ||| Stepping ~*~*~tactically~*~*~ (outnumbered).
  4193 | D:6      | Found Owkyqoe's Distillery.
  4205 | D:6      | 4205 ||| BUYING potion of cancellation (88 gold).
  4205 | D:6      | Bought a potion of cancellation for 88 gold pieces
  4205 | D:6      | 4205 ||| BUYING potion of curing (33 gold).
  4205 | D:6      | Bought a potion of curing for 33 gold pieces
  4205 | D:6      | 4205 ||| BUYING potion of haste (110 gold).
  4205 | D:6      | Bought a potion of haste for 110 gold pieces
  4205 | D:6      | 4205 ||| SHOPLISTING potion of heal wounds (55 gold, have
                  | 54).
  4234 | D:6      | Found a white marble altar of Elyvilon.
  4261 | D:6      | Reached skill level 10 in Ranged Weapons
  4339 | D:6      | Noticed a wyvern
  4343 | D:6      | Reached XP level 9. HP: 32/56 MP: 9/9
  4345 | D:6      | HP: 10/56 [iguana (6)]
  4345 | D:6      | HP: 4/56 [wyvern (6)]
  4346 | D:6      | 4346 ||| READING scroll of teleportation.
  4346 | D:6      | Slain by an iguana

Levels and vault maps discovered:
D:1:      reono_arrival_mine, layout_basic, chequers_serial_rivers_marsh
D:2:      layout_rooms, kennysheep_generic_room_4, uniq_terence
D:3:      minmay_bubble_buster, layout_rooms, nicolae_ecumenical_oubliette
D:4:      layout_basic
D:5:      layout_cave_pods
D:6:      minmay_diamond_boxcup, layout_rooms, elyvilon_altar_3, trog_book,
          serial_shops, shop, minivault_27

Skill      XL: |  1  2  3  4  5  6  7  8 |
---------------+-------------------------+-----
Ranged Weapons | 5 6 7 8 10 | 10.0
Fighting       | 3 4 6 |  6.6
Armour         | 1 2 |  2.2
Dodging        | 2 |  2.0
Stealth        | |  1.1

Action                     |  1- 3 |  4- 6 |  7- 9 || total
---------------------------+-------+-------+-------++-------
   Fire: Shortbow          |   121 |   131 |   123 ||   375
    Use: Scroll            |     3 |    13 |     2 ||    18
 Armour: Leather armour    |    21 |     1 |       ||    22
         Troll leather arm |       |    57 |    37 ||    94
  Dodge: Dodged            |    30 |    59 |    49 ||   138

Table legend:
 A = Non-vault XP
 B = Vault XP
 C = Vault XP percentage of total XP
 D = Non-vault monster count
 E = Vault monster count
 F = Vault count percentage of total count
                 A         B        C        D         E       F
            +---------+---------+-------+---------+---------+-------
      Total |    2098 |     285 |  12.0 |     112 |      17 |  13.2
            +---------+---------+-------+---------+---------+-------
        D:1 |      31 |       0 |   0.0 |      16 |       0 |   0.0
        D:2 |      42 |      32 |  43.2 |      16 |       1 |   5.9
        D:3 |     153 |      41 |  21.1 |      21 |      13 |  38.2
        D:4 |     452 |       0 |   0.0 |      24 |       0 |   0.0
        D:5 |     839 |       0 |   0.0 |      19 |       0 |   0.0
        D:6 |     581 |     212 |  26.7 |      16 |       3 |  15.8
            +---------+---------+-------+---------+---------+-------
